 Dungeon Crawl Stone Soup version 0.29.1-13-g9f3cf754e1 (webtiles) character file.

Game seed: 7429112557554802816

451 leafyfresh the Conjurer (level 7, 0/36 HPs)
             Began as a Tengu Air Elementalist on Jan 21, 2023.
             Was an Initiate of Vehumet.
             Slain by Duvessa
             ... wielding a +4 short sword of holy wrath
              (9 damage)
             ... on level 4 of the Dungeon.
             The game lasted 00:08:45 (3784 turns).

leafyfresh the Conjurer (Tengu Air Elementalist)    Turns: 3784, Time: 00:08:45

Health: 0/36       AC:  6    Str:  9    XL:     7   Next: 4%
Magic:  2/12       EV: 15    Int: 17    God:    Vehumet [......]
Gold:   76         SH:  0    Dex: 14    Spells: 5/11 levels left

rFire   + . .      SeeInvis .   c - +2 quarterstaff (chaos)
rCold   . . .      Faith    .   (shield currently unavailable)
rNeg    . . .      Spirit   .   r - +2 leather armour {rF+}
rPois   .          Reflect  .   (helmet restricted)
rElec   .          Harm     .   l - +0 cloak
rCorr   .          Rampage  .   (no gloves)
Will    .....                   (boots unavailable)
Stlth   ++........              (no amulet)
HPRegen 0.12/turn               (no ring)
MPRegen 0.13/turn               (no ring)

@: flying quickly and evasively, quick
A: beak, talons 3, nimble flight
a: Renounce Religion


You were on level 4 of the Dungeon.
You worshipped Vehumet.
Vehumet was noncommittal.
You visited 1 branch of the dungeon, and saw 4 of its levels.

You collected 76 gold pieces.

Inventory:

Hand Weapons
 c - a +2 quarterstaff of chaos (weapon)
 n - a +2 sling of flaming
 q - a +2 whip of draining
Missiles
 g - 6 poisoned darts
Armour
 a - a +1 robe
 l - a +0 cloak (worn)
 r - a +2 leather armour of fire resistance (worn)
Scrolls
 d - a scroll of amnesia
 e - a scroll of teleportation
 i - 3 scrolls of poison
 j - a scroll of immolation
 k - a scroll of fear
 s - a scroll of brand weapon {unknown}
 t - a scroll of enchant weapon {unknown}
Potions
 b - a potion of magic
 f - 2 potions of curing
 h - a potion of cancellation
 o - a potion of flight {unknown}
 p - a potion of haste {unknown}


   Skills:
 + Level 4.8 Dodging
 - Level 2.2 Stealth
 - Level 2.9 Spellcasting
 + Level 6.0 Conjurations
 - Level 5.1 Air Magic


You had 5 spell levels left.
You knew the following spells:

 Your Spells              Type           Power      Damage    Failure   Level
a - Shock                 Conj/Air       84%        1d8       2%          1
b - Static Discharge      Conj/Air       21%        3-6/arc   3%          2
c - Swiftness             Air            19%        N/A       9%          3

Your spell library contained the following spells:

 Spells                   Type           Power      Damage    Failure   Level
 Conjure Flame            Conj/Fire      12%        6-21      22%         3
 Stone Arrow              Conj/Erth      24%        3d8       22%         3
 Airstrike                Air            9%         2d(2-18)  30%         4
 Sticky Flame             Conj/Fire      12%        2d4       56%         4
 Ignite Poison            Fire/Tmut/Pois 2%         N/A       58%         3
 Animate Armour           Summ/Erth      4%         N/A       94%         4
 Lehudib's Crystal Spear  Conj/Erth      6%         10d3      100%        8


Dungeon Overview and Level Annotations

Branches:
Dungeon (4/15)
 Temple: D:4-7

Altars:
Cheibriados
Dithmenos
Qazlal
Vehumet

Shops:
D:1 !   D:2 !   D:3 [

Annotations:
D:4 Duvessa


Innate Abilities, Weirdness & Mutations

You have a beak for a mouth.
You have claws for feet.
Your magical nature lets you fly swiftly and evasively.


Message History

Dowan is struck by an arc of lightning.
Dowan is almost dead.
Duvessa is struck by an arc of lightning!
Duvessa is moderately wounded.
Dowan is struck by an arc of lightning.
You kill Dowan!
Vehumet accepts your kill.
Duvessa screams, "No!
How DARE you!"
Duvessa goes berserk!
The lightning grounds out.
Duvessa hits you with a +4 short sword of holy wrath.
Your Conjurations skill increases to level 6!
You have reached level 7!
Unknown command.
Unknown command.
Casting: Static Discharge (safe; 3% risk of failure)
Confirm with . or Enter, or press ? or * to list all spells.
Okay, then.
Unknown command.
Casting: Static Discharge (safe; 3% risk of failure)
Confirm with . or Enter, or press ? or * to list all spells.
Duvessa is struck by an arc of lightning!
Duvessa is heavily wounded.
You are struck by an arc of lightning.
Duvessa is struck by an arc of lightning.
Duvessa is heavily wounded.
The lightning grounds out.
Duvessa closely misses you.
Unknown command.
Unknown command.
Casting: Static Discharge (safe; 3% risk of failure)
Confirm with . or Enter, or press ? or * to list all spells.
Duvessa is struck by an arc of lightning.
Duvessa is severely wounded.
You are struck by an arc of lightning.
Duvessa is struck by an arc of lightning.
Duvessa is severely wounded.
The lightning grounds out.
Duvessa hits you with a +4 short sword of holy wrath!
* * * LOW HITPOINT WARNING * * *
Duvessa hits you with a +4 short sword of holy wrath!
You die...

#.#..# ##
#.#..##..#
#.#......#
#.#!...e.#
#.#...e..+
#.'......#
#.#..#####
#e#####..#
##@...#..#
#....#..#
#<...#..#
#....#..#
#....'..#
#.>..#..#
#....#..#
#.†..#..#
#....'..#


You could see Duvessa (berserk).

Vanquished Creatures
  Grinder (D:3)
  Dowan (D:4)
  Crazy Yiuf (D:2)
  An orc priest (D:3)
  Jessica (D:3)
  An orc wizard (D:3)
  4 adders
  A worm (D:3)
  A dart slug (D:2)
  2 orcs (D:3)
  4 bats
  9 endoplasms
  2 giant cockroaches (D:1)
  3 goblins (D:1)
  5 hobgoblins
  4 kobolds
  8 ball pythons
  A frilled lizard (D:3)
  3 rats
53 creatures vanquished.

Notes
Turn   | Place    | Note
-------+----------+-------------------------------------------
     0 | D:1      | leafyfresh the Tengu Air Elementalist began the quest for
                  | the Orb.
     0 | D:1      | Reached XP level 1. HP: 10/10 MP: 4/4
   177 | D:1      | Found a faded altar of an unknown god.
   188 | D:1      | Reached XP level 2. HP: 15/15 MP: 3/6
   378 | D:1      | Learned a level 2 spell: Static Discharge
   408 | D:1      | Reached skill level 2 in Conjurations
   630 | D:1      | Found Hohyluqo's Distillery.
   851 | D:1      | Reached XP level 3. HP: 17/19 MP: 4/7
  1195 | D:1      | Learned a level 3 spell: Swiftness
  1483 | D:2      | Found a stormy altar of Qazlal.
  1739 | D:2      | Found a runed translucent door.
  1740 | D:2      | Noticed Crazy Yiuf
  1791 | D:2      | Reached XP level 4. HP: 21/24 MP: 3/8
  1837 | D:2      | Found Icorah's Distillery.
  1936 | D:2      | Reached skill level 3 in Conjurations
  2228 | D:2      | Killed Crazy Yiuf
  2229 | D:2      | Reached skill level 5 in Air Magic
  2718 | D:3      | Noticed Jessica
  2718 | D:3      | Noticed Grinder
  2740 | D:3      | Killed Jessica
  2741 | D:3      | Gained mutation: Your magical nature lets you fly swiftly
                  | and evasively. [Tengu growth]
  2741 | D:3      | Reached XP level 5. HP: 25/28 MP: 5/10
  2922 | D:3      | Reached skill level 4 in Conjurations
  3038 | D:3      | Paralysed by Grinder for 5 turns
  3333 | D:3      | Killed Grinder
  3334 | D:3      | Reached skill level 5 in Conjurations
  3334 | D:3      | Reached XP level 6. HP: 13/32 MP: 3/11
  3573 | D:3      | Found a snail-covered altar of Cheibriados.
  3574 | D:3      | Found a shadowy altar of Dithmenos.
  3575 | D:3      | Found a radiant altar of Vehumet.
  3589 | D:3      | Became a worshipper of Vehumet
  3678 | D:3      | Found Gikuwux's Antique Armour Shop.
  3772 | D:4      | Noticed Duvessa
  3772 | D:4      | Noticed Dowan
  3782 | D:4      | Killed Dowan
  3783 | D:4      | Reached skill level 6 in Conjurations
  3783 | D:4      | Reached XP level 7. HP: 28/36 MP: 6/12
  3784 | D:4      | Slain by Duvessa

Illustrated notes

Levels and vault maps discovered:
D:1:      amcnicky_arrival_abandoned_market, layout_basic, serial_shops, shop,
          shapermc_ecumenical_altar_venn
D:2:      layout_rooms, serial_shops, nicolae_shop_trees, basic_altar,
          serial_glass, glass_columns_a, glass_columns_a, glass_columns_a,
          glass_columns_a, glass_columns_a, glass_columns_c,
          uniq_crazy_yiuf_cottage
D:3:      layout_basic, chequers_temple_overflow_statue_of_worship,
          serial_shops, nicolae_shop_trees, uniq_jessica, uniq_grinder
D:4:      layout_gridville, eat_drink_and_be_merry_uskayaw,
          mainiacjoe_overflow_boulevard, minmay_temple_entry_poolview,
          serial_shops, shop, nicolae_shop_bloodbath_and_beyond,
          nicolae_shop_trees, feat_on_display, uniq_duvessa

Skill      XL: |  1  2  3  4  5  6 |
---------------+-------------------+-----
Conjurations   | 2 3 5 6 |  6.0
Air Magic      | 5 |  5.1
Dodging        | 4 |  4.8
Stealth        | |  2.2
Spellcasting   | |  2.9

Action                   |  1- 3 |  4- 6 |  7- 9 || total
-------------------------+-------+-------+-------++-------
Melee: Unarmed           |    17 |     4 |       ||    21
       Kick              |     5 |     1 |       ||     6
       Peck              |     1 |       |       ||     1
       Quarterstaff      |       |     8 |       ||     8
 Cast: Shock             |    27 |    17 |       ||    44
       Static Discharge  |    19 |    18 |     2 ||    39
  Use: Scroll            |       |     7 |       ||     7
       Potion            |       |     2 |       ||     2
 Stab: Sleeping          |     1 |       |       ||     1
Armor: Robe              |    10 |     2 |       ||    12
       Leather armour    |       |     3 |       ||     3
Dodge: Dodged            |    33 |    18 |     1 ||    52
